Map: Zen LE

Players

DnS

  • Race: Protoss Protoss
  • Spawn Location: 7:00

Harstem - Winner!

  • Race: Protoss Protoss
  • Spawn Location: 1:00

Event: IEM Katowice 2020

VOD

Have the link to the VOD?

Description

Time

  • Played on: Feb. 25, 2020, 6:35 a.m.
  • Length: 11:08

All games in this series

Show
View Real Time Build Order
Export as new Build Order

DnS Protoss 

Build Orders: Oracle Opening 

Get SALT Encoding   

  12  0:00  Probe  
  13  0:12  Probe  
  14  0:17  Pylon  
  14  0:24  Probe (Chrono Boost)  
  15  0:37  Probe (Chrono Boost)  
  15  0:38  Gateway  
  16  0:44  Probe (Chrono Boost)  
  16  0:48  Assimilator  
  17  0:51  Probe  
  17  0:55  Assimilator  
  18  1:03  Probe (Chrono Boost)  
  19  1:07  Gateway  
  19  1:12  Probe (Chrono Boost)  
  19  1:17  Probe (Chrono Boost)  
  20  1:25  Cybernetics Core  
  21  1:31  Pylon  
  21  1:34  Probe  
  22  1:46  Probe  
  23  1:58  Probe  
  23  2:01  Warp Gate, Sentry, Stalker  
  28  2:04  Pylon  
  28  2:31  Stargate  
  28  2:37  Stalker  
  28  2:42  Shield Battery  
  30  2:49  Probe  
  30  3:06  Nexus  
  30  3:07  Probe  
  30  3:12  Oracle (Chrono Boost)  
  31  3:19  Probe  
  35  3:21  Shield Battery  
  35  3:24  Shield Battery  
  35  3:31  Probe  
  34  3:47  Twilight Council  
  34  3:48  Probe (Chrono Boost)  
  34  3:58  Probe (Chrono Boost)  
  34  4:02  Stalker  
  37  4:03  Probe (Chrono Boost)  
  39  4:18  Probe x2 (Chrono Boost)  
  40  4:25  Blink  
  40  4:28  Probe (Chrono Boost)  
  40  4:29  Stalker  
  40  4:30  Probe (Chrono Boost)  
  44  4:33  Probe (Chrono Boost)  
  45  4:39  Probe, Forge  
  45  4:44  Probe  
  45  4:45  Stalker  
  49  4:51  Probe  
  49  4:52  Pylon  
  48  4:59  Pylon  
  48  5:10  Probe x2, Protoss Ground Weapons Level 1 (Chrono Boost), Stalker  
  48  5:12  Stalker  
  54  5:22  Probe (Chrono Boost)  
  56  5:28  Probe (Chrono Boost)  
  56  5:31  Probe (Chrono Boost)  
  56  5:34  Nexus  
  58  5:35  Probe (Chrono Boost)  
  58  5:36  Probe  
  58  5:39  Pylon  
  58  5:41  Sentry  
  61  5:46  Probe  
  61  5:49  Probe  
  60  5:51  Assimilator  
  60  5:52  Assimilator  
  60  5:59  Probe  
  60  6:01  Probe  
  62  6:08  Gateway  
  62  6:10  Gateway  
  62  6:18  Gateway  
  62  6:20  Stalker  
  62  6:21  Gateway  
  64  6:28  Gateway  
  64  6:29  Gateway  
  64  6:30  Charge  
  64  6:44  Robotics Facility, Stalker  
  64  6:45  Probe x2  
  69  6:47  Probe  
  69  6:52  Zealot  
  71  7:02  Protoss Ground Weapons Level 2 (Chrono Boost)  
  71  7:05  Probe  
  72  7:11  Probe x2  
  72  7:12  Zealot x4  
  82  7:17  Probe, Pylon  
  82  7:18  Pylon  
  83  7:23  Templar Archives  
  83  7:25  Probe  
  85  7:33  Observer  
  85  7:37  Phoenix  
  83  7:38  Pylon  
  83  7:39  Zealot x4  
  91  7:44  Pylon  
  91  7:53  Zealot x4  
  91  7:56  Pylon  
  99  7:59  Warp Prism  
  101  8:07  Photon Cannon  
  101  8:09  Photon Cannon  
  101  8:13  High Templar x4  
  101  8:17  Archon  
  101  8:18  Archon  
  101  8:19  Zealot x2  
  113  8:21  High Templar x2  
  113  8:25  Pylon  
  113  8:26  Archon  
  117  8:30  Pylon  
  117  8:32  Pylon  
  115  8:48  Zealot x6  
  117  8:53  Zealot  
  117  8:54  Zealot  
  115  9:13  Zealot x7  
  115  9:14  Zealot  
  99  9:23  Immortal  
  89  9:28  Observer  
  75  9:37  High Templar x4, Zealot x4  
  85  9:40  Shield Battery  
  85  9:41  Archon x2, Photon Cannon  
  85  9:43  Photon Cannon  
  83  10:01  High Templar x2  
  83  10:05  Archon, Zealot  
  83  10:06  Zealot x5  
  98  10:09  Shield Battery  
  98  10:24  Zealot x4  
  98  10:27  High Templar x2  
  110  10:31  Archon  
  110  10:32  Warp Prism (Chrono Boost)  
  110  10:34  Zealot x2  
  116  10:47  Zealot  
  116  10:48  Zealot x3  
  124  10:56  Zealot x2  
  94  11:01  Zealot x2  
Show
View Real Time Build Order
Export as new Build Order

Harstem Protoss - Winner!

Build Orders: Oracle Opening, Phoenix Opening, Archon Immortal 

Get SALT Encoding   

  12  0:08  Pylon  
  12  0:13  Probe  
  13  0:27  Gateway  
  13  0:31  Probe (Chrono Boost)  
  14  0:40  Probe (Chrono Boost)  
  14  0:42  Assimilator  
  15  0:45  Probe (Chrono Boost)  
  16  0:51  Assimilator  
  16  0:57  Probe  
  17  1:09  Probe  
  18  1:14  Cybernetics Core  
  18  1:21  Probe  
  19  1:31  Pylon  
  19  1:33  Probe  
  21  1:47  Adept (Chrono Boost)  
  21  1:49  Pylon  
  21  1:53  Stargate  
  22  1:57  Probe  
  23  2:03  Warp Gate  
  23  2:13  Probe  
  26  2:25  Probe  
  27  2:34  Oracle (Chrono Boost)  
  28  2:38  Probe  
  28  2:40  Stalker  
  31  2:50  Probe  
  32  3:11  Stalker  
  34  3:12  Nexus  
  34  3:15  Probe  
  35  3:25  Robotics Facility  
  35  3:30  Probe (Chrono Boost)  
  34  3:42  Phoenix  
  34  3:45  Probe (Chrono Boost)  
  37  3:50  Pylon  
  37  3:54  Probe  
  38  4:03  Forge  
  38  4:06  Probe  
  39  4:10  Stalker  
  40  4:18  Probe (Chrono Boost)  
  41  4:26  Probe (Chrono Boost)  
  42  4:33  Probe (Chrono Boost)  
  42  4:34  Immortal  
  42  4:36  Probe (Chrono Boost)  
  47  4:39  Probe (Chrono Boost), Sentry  
  47  4:44  Probe  
  51  4:48  Protoss Ground Weapons Level 1 (Chrono Boost)  
  51  4:52  Probe  
  52  4:56  Probe  
  53  5:00  Gateway  
  53  5:04  Probe  
  54  5:08  Probe, Stalker  
  54  5:13  Pylon  
  57  5:16  Probe  
  57  5:20  Probe  
  59  5:21  Assimilator  
  59  5:26  Assimilator  
  59  5:28  Probe  
  59  5:33  Twilight Council  
  60  5:36  Probe  
  60  5:40  Probe  
  60  5:41  Gateway  
  62  5:43  Gateway  
  62  5:49  Probe  
  62  5:55  Probe  
  64  6:05  Immortal (Chrono Boost)  
  64  6:07  Probe, Nexus  
  68  6:14  Probe, Pylon  
  69  6:18  Pylon  
  69  6:28  Probe  
  69  6:29  Charge  
  69  6:31  Templar Archives  
  74  6:41  Protoss Ground Weapons Level 2 (Chrono Boost)  
  75  6:48  Gateway  
  75  6:50  Gateway  
  75  6:54  Gateway  
  70  6:56  Probe  
  71  7:02  Probe, Gateway  
  71  7:06  Observer (Chrono Boost)  
  73  7:09  Probe  
  73  7:11  Zealot x2  
  73  7:14  Probe  
  79  7:20  High Templar x2  
  79  7:21  Probe x2  
  85  7:26  Pylon  
  85  7:27  Probe, Archon  
  86  7:33  Probe x2  
  86  7:35  Pylon, High Templar x2  
  92  7:37  Pylon  
  92  7:39  Probe  
  92  7:43  Immortal  
  97  7:45  Probe x2  
  97  7:49  Zealot  
  97  7:51  Archon  
  101  7:59  Shield Battery  
  101  8:00  High Templar, Shield Battery  
  101  8:01  High Templar  
  101  8:02  Zealot x2  
  101  8:05  Pylon  
  109  8:08  Probe, Archon  
  109  8:10  Photon Cannon  
  110  8:13  Probe  
  110  8:14  Probe  
  112  8:22  Assimilator  
  112  8:25  Immortal (Chrono Boost)  
  112  8:26  Pylon, Assimilator  
  116  8:32  Shield Battery  
  116  8:37  Shield Battery  
  116  8:39  Pylon  
  116  8:40  High Templar x2, Shield Battery  
  120  8:41  Zealot x2  
  120  8:48  Archon  
  124  8:51  Zealot x3  
  124  8:54  Probe, Photon Cannon  
  131  9:01  Zealot  
  131  9:02  Probe  
  134  9:03  Observer (Chrono Boost)  
  134  9:08  Zealot x2  
  129  9:11  Zealot x2  
  129  9:12  Zealot  
  129  9:15  Zealot  
  111  9:33  High Templar x2, Zealot x4  
  111  9:34  Zealot  
  111  9:37  Archon, Warp Prism (Chrono Boost)  
  127  9:45  High Templar  
  127  9:47  Pylon  
  127  9:49  Photon Cannon  
  129  9:54  High Templar  
  129  9:55  Zealot x3  
  129  9:59  Archon  
  137  10:00  Pylon  
  137  10:04  Zealot  
  139  10:19  Zealot x4  
  147  10:26  Probe  
  147  10:27  Pylon  
  148  10:33  Pylon  
  148  10:34  High Templar x3, Sentry  
  154  10:37  Observer  
  154  10:39  Archon  
  154  10:40  High Templar  
  156  10:47  Archon  
  156  10:50  Zealot x3  
  146  10:58  Zealot  
  142  11:06  Robotics Bay  

Tags
 
Add a new tag
Caveats
  • Supply blocks, unpowered buildings, or Contaminate may cause inaccurate times.
  • Supply counts are checked every 10 seconds.